 Dungeon Crawl Stone Soup version 0.31.0-7-gf635a9b802 (webtiles) character file.

Game seed: 10717691216114068946

53 Goncyn the Chopper (level 3, -2/34 HPs)
             Began as a Minotaur Berserker on Jan 24, 2024.
             Was a Follower of Trog.
             Killed from afar by Sigmund (9 damage)
             ... with a puff of flame
             ... on level 2 of the Dungeon.
             The game lasted 00:06:57 (1260 turns).

Goncyn the Chopper (Minotaur Berserker)             Turns: 1260, Time: 00:06:58

Health: -2/34      AC:  2    Str: 23    XL:     3   Next: 64%
Magic:  2/2        EV: 12    Int:  4    God:    Trog [*.....]
Gold:   78         SH:  0    Dex:  9    Spells: 2/2 levels left

rFire   . . .        a - +0 hand axe
rCold   . . .        (no shield)
rNeg    . . .        b - +0 animal skin
rPois   .            (helmet restricted)
rElec   .            (no cloak)
rCorr   +            (no gloves)
SInv    .            (no boots)
Will    .....        (no amulet)
Stlth   +            j - ring of resist corrosion
HPRegen 0.25/turn    (no ring)
MPRegen 0.08/turn

%: no passive effects
@: on berserk cooldown, hasted and slowed
A: horns 2, retaliatory headbutt
a: Renounce Religion, Berserk


You were on level 2 of the Dungeon.
You worshipped Trog.
Trog was aware of your devotion.
You visited 1 branch of the dungeon, and saw 2 of its levels.

You collected 78 gold pieces.

Inventory:

Hand Weapons
 a - a +0 hand axe (weapon)
 m - a +4 dagger
Armour
 b - a +0 animal skin (worn)
Jewellery
 j - a ring of resist corrosion (left hand)
Scrolls
 d - a scroll of identify {unknown}
 e - 2 scrolls of revelation {unknown}
 f - a scroll of fog {unknown}
 i - 3 scrolls of fear {unknown}
 k - a scroll of immolation {unknown}
 l - a scroll of enchant weapon {unknown}
Potions
 c - a potion of cancellation {unknown}
 g - a potion of curing {unknown}
 h - a potion of might {unknown}
 n - a potion of haste


   Skills:
 + Level 4.4 Fighting
 + Level 4.4 Axes
 + Level 3.4 Armour
 - Level 2.1 Dodging


You had 2 spell levels left.
You didn't know any spells.
Your spell library was empty.

Dungeon Overview and Level Annotations

Branches:
Dungeon (2/15)

Altars:

Shops:
D:1 [!*:[

Annotations:
D:2 Sigmund


Innate Abilities, Weirdness & Mutations

You have a pair of horns on your head.
You reflexively headbutt those who attack you in melee.


Message History

A red film seems to cover your vision as you go berserk!
You feel yourself moving faster!
You feel mighty!
A magic dart appears from out of thin air!
The magic dart hits you!
No target in view!
You feel a strong urge to attack something.
Something hits you!!
You closely miss something. You closely miss something. You miss something.
Something hits you.
You slash something! Your punch misses something. You hit something.
Something hits you!
* * * LOW HITPOINT WARNING * * *
You slash something! You miss something. Your punch misses something.
You closely miss something. Your headbutt misses something. You miss something.
You are no longer berserk.
You are exhausted.
You feel yourself slow down. Something barely misses you.
It was a potion of haste.
You feel yourself speed up.
Sigmund appears from thin air!
Reactivating autopickup.
You barely miss Sigmund.
Sigmund is almost dead.
Sigmund hits you with a +0 heavy scythe.
* * * LOW HITPOINT WARNING * * *
You barely miss Sigmund.
Sigmund is almost dead.
You barely miss Sigmund.
Sigmund is almost dead.
Sigmund closely misses you.
You closely miss Sigmund.
Sigmund is almost dead.
You hit Sigmund but do no damage.
Sigmund is almost dead.
Sigmund gestures at you while chanting. The puff of flame hits you!
You die...
Sigmund begins carving another notch in his scythe.

#................
###+#...###.#####
#####+#...# #.#
#.........# #.#
#.........# #.#
#.........# #.# #
#####'##### #.# #
#########.#######.# #
#.....@@........#.# #
....########......#.#####
## #......#......
#...#######........####.
.# #....{............# #.
.# ....#..............#
#. .# .
#..............####. .#
#....(.......#...... .#
#............#######


You could see Sigmund.

Vanquished Creatures
  Jessica (D:2)
  A dart slug (D:2)
  2 ball pythons (D:1)
  5 bats (D:1)
  3 endoplasms
  A goblin (D:1)
  2 hobgoblins (D:2)
  A quokka (D:2)
  5 frilled lizards
  3 kobolds (D:2)
  3 rats (D:1)
27 creatures vanquished.

Notes
Turn   | Place    | Note
-------+----------+-------------------------------------------
     0 | D:1      | Goncyn the Minotaur Berserker began the quest for the Orb.
     0 | D:1      | Reached XP level 1. HP: 19/19 MP: 0/0
   103 | D:1      | Found Ikian's Distillery.
   131 | D:1      | Found Othum's Antique Armour Shoppe.
   163 | D:1      | Found Yfaphyef's Book Boutique.
   276 | D:1      | Reached XP level 2. HP: 27/27 MP: 1/1
   324 | D:1      | Found Fecs's Assorted Antiques.
   588 | D:1      | Found Metiff's Antique Armour Shoppe.
  1151 | D:2      | Noticed Jessica
  1158 | D:2      | Killed Jessica
  1159 | D:2      | Reached XP level 3. HP: 34/34 MP: 2/2
  1225 | D:2      | Noticed Sigmund
  1260 | D:2      | Killed from afar by Sigmund

Illustrated notes

Levels and vault maps discovered:
D:1:      lemuel_arrival_river_ford, layout_loops_cross, serial_shops,
          nicolae_shop_gibbet_a_chance, nicolae_shop_crystal, shop,
          nicolae_shop_just_a_little_nook, nicolae_shop_advertising_works
          [nicolae_subvault_shop_adworks], chequers_serial_rivers_room_a
D:2:      layout_basic, serial_park_tiny_pond, minmay_lizard_pond, uniq_jessica,
          uniq_sigmund

Skill      XL: |  1  2 |
---------------+-------+-----
Fighting       | 4 |  4.4
Axes           | 4 |  4.4
Armour         | 3 |  3.4
Dodging        | |  2.1

Action                     || total
---------------------------++-------
  Melee: Hand axe          ||    78
         Headbutt          ||     2
 Invoke: Berserk           ||     2
    Use: Potion            ||     1
 Armour: Animal skin       ||    35
  Dodge: Dodged            ||    35
